 Dungeon Crawl Stone Soup version 0.29-a0-330-g52719c12eb (webtiles) character file.

Game seed: 10733922069808823630

228 HoaS the Quickloader (level 6, 0/35 HPs)
             Began as a Kobold Hunter on May 20, 2022.
             Slain by an ogre
             ... wielding a +0 giant spiked club
              (12 damage)
             ... on level 3 of the Dungeon.
             The game lasted 00:05:50 (3492 turns).

HoaS the Quickloader (Kobold Hunter)                Turns: 3492, Time: 00:05:50

Health: 0/35       AC:  5    Str:  9    XL:     6   Next: 23%
Magic:  6/6        EV: 14    Int: 10    God:
Gold:   202        SH:  0    Dex: 20    Spells: 5/5 levels left

rFire   . . .      SeeInvis .   a - +2 hand crossbow
rCold   . . .      Faith    .   (no shield)
rNeg    . . .      Spirit   .   b - +0 leather armour
rPois   .          Reflect  .   (no helmet)
rElec   .          Harm     .   k - +1 cloak
rCorr   .          Rampage  .   (no gloves)
Will    .....                   (no boots)
Stlth   +++.......              (no amulet)
HPRegen 0.11/turn               (no ring)
MPRegen 0.10/turn               (no ring)

@: mighty
A: small, no large weapons, nightstalker 3
a: no special abilities


You were on level 3 of the Dungeon.
You visited 1 branch of the dungeon, and saw 3 of its levels.

You collected 202 gold pieces.

Inventory:

Hand Weapons
 a - a +2 hand crossbow (weapon)
Armour
 b - a +0 leather armour (worn)
 e - a +0 ring mail
 k - a +1 cloak (worn)
Jewellery
 g - a ring of flight
Wands
 j - a wand of mindburst (4)
Scrolls
 c - 2 scrolls of immolation
 l - 2 scrolls of amnesia
 m - a scroll of blinking {unknown}
Potions
 f - 2 potions of mutation
 h - a potion of haste {unknown}
 i - a potion of berserk rage {unknown}


   Skills:
 - Level 2.1 Fighting
 + Level 9.3 Crossbows
 - Level 2.4 Dodging
 - Level 1.3 Stealth


You had 5 spell levels left.
You didn't know any spells.
Your spell library contained the following spells:

 Spells                   Type           Power      Damage    Failure   Level
 Apportation              Tloc           0%         N/A       47%         1
 Sandblast                Erth           0%         2d4       47%         1
 Passwall                 Tmut/Erth      0%         N/A       63%         2
 Stone Arrow              Conj/Erth      0%         3d7       85%         3
 Alistair's Intoxication  Tmut/Pois      0%         N/A       100%        5


Dungeon Overview and Level Annotations

Branches:
Dungeon (3/15)

Altars:
Gozag


Innate Abilities, Weirdness & Mutations

You are small and have problems with some larger weapons.
You are completely attuned to the shadows.


Message History

You shoot a bolt. The bolt hits the endoplasm!
You kill the endoplasm!
No target in view!
A ball python comes into view.
The ball python hisses angrily.
There is an open door here.
You shoot a bolt.
The bolt closely misses the ball python.
You shoot a bolt. The bolt hits the ball python.
You kill the ball python!
No target in view!
You see here a ball python corpse.
Found a cloak.
You open the door.
There is an open door here.
There is an open door here.
You open the door.
There is an open door here.
Items here: )) [[ รทรท.
You open the door.
An ogre comes into view. It is wielding a +0 giant spiked club.
There is an open door here.
Aiming: Mindburst
Press: ? - help, Shift-Dir - straight line, f - ogre
Aim: an ogre, wielding a +0 giant spiked club (chance to affect: 64%)
The ogre struggles to resist.
You hear a shout!
A kobold comes into view. It is wielding a +0 dagger.
You feel very mighty all of a sudden.
You shoot a bolt. The bolt hits the ogre.
The ogre is moderately wounded.
The ogre hits you with a +0 giant spiked club!!
Ouch! That really hurt!
Shoot: a) +2 hand crossbow
Press: ? - help, Q - select action, (/) - cycle Shift-Dir - straight line, f/p - ogre
Aim: an ogre, wielding a +0 giant spiked club (lightly wounded, 81% to hit)
You shoot a bolt. The bolt barely misses the ogre.
The bolt hits the kobold.
The kobold is severely wounded.
The ogre hits you with a +0 giant spiked club!
You die...

.# #.# ##.## #.##.
.###### #.# #.# #.##.
......# #.# #.# #.##.
.####.###.### #+#
#.##. .## #.#.....##
#. #.... ..#
#........### #..
####.
#.###..........# #...
#.#
.............#.##....
#..
####............@O...
...
#...##......##K...
#.#.##.#..### #...
#.#.##.##.# #.. #
####.#.##.##.# #. #
..>..#[......# #+# #
#########.#### #.#
#.# #####(# #.#
......##


You could see an ogre and a kobold.

Vanquished Creatures
  A scorpion (D:3)
  An orc priest (D:3)
  Crazy Yiuf (D:2)
  5 adders
  2 worms
  2 orcs (D:3)
  6 ball pythons
  4 bats
  4 endoplasms
  6 giant cockroaches
  6 goblins
  4 hobgoblins
  5 kobolds
  6 quokkas
  3 frilled lizards
  9 rats
65 creatures vanquished.

Notes
Turn   | Place    | Note
-------+----------+-------------------------------------------
     0 | D:1      | HoaS the Kobold Hunter began the quest for the Orb.
     0 | D:1      | Reached XP level 1. HP: 12/12 MP: 1/1
   149 | D:1      | Reached XP level 2. HP: 17/17 MP: 2/2
   286 | D:1      | Reached skill level 6 in Crossbows
   551 | D:1      | Reached XP level 3. HP: 21/21 MP: 3/3
  1290 | D:2      | Reached skill level 7 in Crossbows
  1579 | D:2      | Reached XP level 4. HP: 26/26 MP: 4/4
  1644 | D:2      | Found a faded altar of an unknown god.
  1738 | D:2      | Found a runed translucent door.
  1741 | D:2      | Noticed Crazy Yiuf
  1997 | D:3      | Noticed a scorpion
  1999 | D:3      | Killed a scorpion
  2000 | D:3      | Reached skill level 8 in Crossbows
  2000 | D:3      | Reached XP level 5. HP: 30/30 MP: 5/5
  2072 | D:2      | Killed Crazy Yiuf
  2395 | D:3      | Found an opulent altar of Gozag.
  2941 | D:3      | Reached XP level 6. HP: 35/35 MP: 6/6
  3097 | D:3      | Reached skill level 9 in Crossbows
  3488 | D:3      | Noticed an ogre
  3492 | D:3      | Slain by an ogre

Illustrated notes

Levels and vault maps discovered:
D:1:      dpeg_arrival_short_road, layout_basic
D:2:      layout_loops_ring, chequers_ecumenical_altar_island,
          minmay_misc_feat_rugged, uniq_crazy_yiuf_cottage
D:3:      layout_loops_corners, mainiacjoe_overflow_surrounded_room,
          grunt_gozag_breadcrumbs

Skill      XL: |  1  2  3  4  5  6 |
---------------+-------------------+-----
Crossbows      | 6 7 8 9 |  9.3
Fighting       | |  2.1
Dodging        | |  2.4
Stealth        | |  1.3

Action                   |  1- 3 |  4- 6 || total
-------------------------+-------+-------++-------
 Fire: Hand crossbow     |    70 |    93 ||   163
Evoke: Wand              |       |     1 ||     1
  Use: Scroll            |     4 |     4 ||     8
       Potion            |       |     2 ||     2
Armor: Leather armour    |     4 |     8 ||    12
Dodge: Dodged            |    10 |    28 ||    38

Table legend: (Time is in decaauts)
 A = Elapsed time spent in this place.
 B = Non-inter-level travel time spent in this place.
 C = Inter-level travel time spent in this place.
 D = Time resting spent in this place.
 E = Time spent auto-exploring this place.
 F = Levels seen in this place.
 G = Mean time per level.
                   A        B        C        D        E       F      G
               +--------+--------+--------+--------+--------+-----+--------+
         Total |   3528 |   3396 |    132 |    599 |   2404 |   3 | 1176.0 |
       Dungeon |   3528 |   3396 |    132 |    599 |   2404 |   3 | 1176.0 |
               +--------+--------+--------+--------+--------+-----+--------+

Top non-repeatable levels by time:
     D:2: 1327 daAuts
     D:3: 1282 daAuts
     D:1: 918 daAuts
